 Dungeon Crawl Stone Soup version 0.30-a0-870-gc5d4c5acee (webtiles) character file.

Game seed: 13435655443737660988

128 Morbidden the Trooper (level 4, -2/45 HPs)
             Began as a Troll Fighter on Mar 11, 2023.
             Slain by Grinder (3 damage)
             ... on level 3 of the Dungeon.
             The game lasted 00:01:46 (1459 turns).

Morbidden the Trooper (Troll Fighter)               Turns: 1459, Time: 00:01:47

Health: -2/45      AC:  4    Str: 24    XL:     4   Next: 86%
Magic:  3/3        EV: 10    Int:  6    God:
Gold:   117        SH:  0    Dex:  9    Spells: 3/3 levels left

rFire   . . .      SeeInvis .      - Unarmed
rCold   . . .      Faith    .    (no shield)
rNeg    . . .      Spirit   .    a - +0 robe
rPois   .          Reflect  .    (helmet restricted)
rElec   .          Rampage  .    (no cloak)
rCorr   .                        (gloves unavailable)
Will    .....                    (boots unavailable)
Stlth   +                        (no amulet)
HPRegen 1.07/turn                (no ring)
MPRegen 0.08/turn                (no ring)

@: no status effects
A: large, unfitting armour, claws 3, regeneration 1, shaggy fur 1, tough skin 1
a: no special abilities


You were on level 3 of the Dungeon.
You visited 1 branch of the dungeon, and saw 3 of its levels.

You collected 117 gold pieces.

Inventory:

Missiles
 i - 25 stones (quivered)
 j - 5 poisoned darts
Armour
 a - a +0 robe (worn)
Scrolls
 b - a scroll of noise {unknown}
 d - 2 scrolls of teleportation {unknown}
 g - a scroll of identify {unknown}
 k - a scroll of vulnerability {unknown}
 l - a scroll of immolation {unknown}
 m - a scroll of summoning {unknown}
Potions
 c - a potion of might
 f - a potion of heal wounds {unknown}
 h - a potion of resistance {unknown}


   Skills:
 * Level 3.4 Fighting
 * Level 0.7 Throwing
 * Level 0.8 Armour
 * Level 2.9 Dodging
 + Level 2.7 Shields
 * Level 2.8 Unarmed Combat
 * Level 0.3 Spellcasting


You had 3 spell levels left.
You didn't know any spells.
Your spell library contained the following spells:

 Spells                   Type           Power      Damage    Failure   Level
 Gell's Gravitas          Tloc           0%         N/A       82%         3
 Teleport Other           Tloc           0%         N/A       82%         3
 Dispersal                Tloc           0%         N/A       100%        6


Dungeon Overview and Level Annotations

Branches:
Dungeon (3/15)

Altars:

Annotations:
D:3 Grinder, Terence


Innate Abilities, Weirdness & Mutations

You are too large for most types of armour.
You have claws for hands.
Your natural rate of healing is unusually fast.
You are covered in fur. (AC +1)
You have tough skin. (AC +1)


Message History

Unknown command.
Unknown command.
Unknown command.
It was a potion of curing.
You feel better. Grinder misses you.
Unknown command.
You completely miss Grinder.
Grinder is severely wounded.
Unknown command.
You closely miss Grinder.
Grinder is severely wounded.
Grinder hits you.
* * * LOW HITPOINT WARNING * * *
Unknown command.
Unknown command.
You scratch Grinder.
Grinder is almost dead.
Grinder closely misses you.
Unknown command.
You barely miss Grinder.
Grinder is severely wounded.
Grinder closely misses you.
Unknown command.
You closely miss Grinder.
Grinder is severely wounded.
Grinder hits you.
* * * LOW HITPOINT WARNING * * *
You writhe in agony.
* * * LOW HITPOINT WARNING * * *
Unknown command.
You feel better. Grinder hits you!
* * * LOW HITPOINT WARNING * * *
You writhe in agony.
* * * LOW HITPOINT WARNING * * *
Unknown command.
You scratch Grinder.
Grinder is almost dead.
Grinder hits you.
* * * LOW HITPOINT WARNING * * *
You writhe in agony.
You die...

#. #. #. #. #.
#.
######.#########
......!...@5...#
.######.######.#
#.# #.# #†####
#.#.. #.#.#
#.#.##
#..#.#######


You could see Grinder.

Vanquished Creatures
  2 orc priests (D:3)
  2 adders (D:2)
  2 worms (D:2)
  2 orcs (D:3)
  3 ball pythons
  3 bats
  4 endoplasms
  2 giant cockroaches (D:1)
  6 goblins
  3 hobgoblins (D:2)
  3 jackals (D:2)
  A quokka (D:3)
  2 frilled lizards
  3 rats
38 creatures vanquished.

Notes
Turn   | Place    | Note
-------+----------+-------------------------------------------
     0 | D:1      | Morbidden the Troll Fighter began the quest for the Orb.
     0 | D:1      | Reached XP level 1. HP: 22/22 MP: 0/0
   300 | D:1      | Reached XP level 2. HP: 29/29 MP: 1/1
   706 | D:2      | Reached skill level 3 in Fighting
   706 | D:2      | Reached XP level 3. HP: 37/37 MP: 2/2
  1329 | D:3      | Reached XP level 4. HP: 38/45 MP: 3/3
  1340 | D:3      | Noticed Terence
  1437 | D:3      | Noticed Grinder
  1446 | D:3      | Paralysed by Grinder for 5 turns
  1451 | D:3      | HP: 1/45 [Grinder (2)]
  1457 | D:3      | HP: 1/45 [Grinder (6)]
  1459 | D:3      | Slain by Grinder

Illustrated notes

Levels and vault maps discovered:
D:1:      dpeg_arrival_signposts, layout_rooms
D:2:      layout_loops_cross
D:3:      layout_loops_ring, hellmonk_ecumenical_altar_pennies_from_heaven,
          uniq_terence, uniq_grinder

Skill      XL: |  1  2 |
---------------+-------+-----
Fighting       | 3 |  3.4
Throwing       | |  0.7
Armour         | |  0.8
Dodging        | |  2.9
Shields        | |  2.7
Unarmed Combat | |  2.8
Spellcasting   | |  0.3

Action                     |  1- 3 |  4- 6 || total
---------------------------+-------+-------++-------
  Melee: Unarmed           |    81 |    27 ||   108
         Punch             |     2 |       ||     2
    Use: Potion            |       |     2 ||     2
 Armour: Robe              |    21 |     3 ||    24
  Dodge: Dodged            |    51 |    13 ||    64

Table legend: (Time is in decaauts)
 A = Elapsed time spent in this place.
 B = Non-inter-level travel time spent in this place.
 C = Inter-level travel time spent in this place.
 D = Time resting spent in this place.
 E = Time spent auto-exploring this place.
 F = Levels seen in this place.
 G = Mean time per level.
                   A        B        C        D        E       F      G
               +--------+--------+--------+--------+--------+-----+--------+
         Total |   1454 |   1310 |    144 |      0 |   1040 |   3 |  484.7 |
       Dungeon |   1454 |   1310 |    144 |      0 |   1040 |   3 |  484.7 |
               +--------+--------+--------+--------+--------+-----+--------+

Top non-repeatable levels by time:
     D:2: 693 daAuts
     D:1: 648 daAuts
     D:3: 112 daAuts
